 Dungeon Crawl Stone Soup version 0.29-a0-553-g81b289dbe5 (webtiles) character file.

Game seed: 9196913205999467397

634 porpoise the Skirmisher (level 7, 0/57 HPs)
             Began as a Demonspawn Fighter on June 7, 2022.
             Succumbed to an orc priest's poison
             ... on level 5 of the Dungeon.
             The game lasted 00:17:09 (5659 turns).

porpoise the Skirmisher (Demonspawn Fighter)        Turns: 5659, Time: 00:17:10

Health: 0/57       AC:  6    Str: 19    XL:     7   Next: 24%
Magic:  7/7        EV: 13    Int:  9    God:
Gold:   262        SH:  6    Dex: 12    Spells: 6/6 levels left

rFire   . . .      SeeInvis .   a - +0 trident
rCold   . . .      Faith    .   c - +1 buckler
rNeg    . . .      Spirit   .   s - +0 scale mail
rPois   .          Reflect  .   (no helmet)
rElec   .          Harm     .   (no cloak)
rCorr   .          Rampage  .   (no gloves)
Will    +....                   (no boots)
Stlth   ..........              (no amulet)
HPRegen 0.19/turn               i - +4 ring of evasion
MPRegen 0.10/turn               l - ring of willpower

@: lethally poisoned (0 -> -5)
A: powered by death 1, demonic magic 1
a: no special abilities


You were on level 5 of the Dungeon.
You visited 1 branch of the dungeon, and saw 5 of its levels.

You collected 262 gold pieces.

Inventory:

Hand Weapons
 a - a +0 trident (weapon)
 b - a +2 hunting sling of freezing
 d - a +0 halberd
 r - the +6 great sword of Trog's Wrath {vorpal, rF+}
   (You found it on level 4 of the Dungeon)

   It inflicts extra damage upon your enemies.
   rF:        It protects you from fire.
Missiles
 v - 2 poisoned darts (quivered)
Armour
 c - a +1 buckler (worn)
 m - an orb of wrath
 p - an orb of energy
 s - a +0 scale mail (worn)
Jewellery
 i - a +4 ring of evasion (left hand)
 l - a ring of willpower (right hand)
Scrolls
 f - 4 scrolls of teleportation
 g - a scroll of fear
 h - a scroll of enchant armour
 j - a scroll of immolation
 k - 2 scrolls of silence
 n - a scroll of identify {unknown}
 o - a scroll of blinking
 q - a scroll of enchant weapon {unknown}
 t - a scroll of summoning {unknown}
 u - a scroll of fog {unknown}
 w - a scroll of amnesia {unknown}
 y - a scroll of noise {unknown}
Potions
 e - 2 potions of brilliance


   Skills:
 * Level 5.8 Fighting
 * Level 4.8 Polearms
 - Level 2.6 Armour
 + Level 4.1 Shields


You had 6 spell levels left.
You didn't know any spells.
Your spell library contained the following spells:

 Spells                   Type           Power      Damage    Failure   Level
 Sting                    Tmut/Pois      0%         1d3       85%         1
 Poisonous Vapours        Pois/Air       0%         N/A       94%         2
 Olgreb's Toxic Radiance  Pois           0%         N/A       100%        4


Dungeon Overview and Level Annotations

Branches:
Dungeon (5/15)
 Temple: D:4-7

Altars:
Ashenzari
Elyvilon
Gozag
Makhleb
Ru
The Shining One


Innate Abilities, Weirdness & Mutations

You regenerate a little health from kills.
Spells you cast may paralyse adjacent enemies.


Message History

The orc priest is heavily wounded.
* * * LOW HITPOINT WARNING * * *
You feel very sick.
The orc priest hits you but does no damage.
You are lethally poisoned!
You barely miss the orc priest.
The orc priest is heavily wounded.
* * * LOW HITPOINT WARNING * * *
You feel very sick.
The orc priest casts a cantrip, but nothing happens.
You puncture the orc priest!
You kill the orc priest!
You feel very sick.
Okay, then.
Reach: a) +0 trident
Press: ? - help, Dir - move target, f - orc priest
Aim: an orc priest, wielding a +0 whip and wearing a +0 scale mail (about 36% to evade your +0 trident)
Something you can't see is in the way.
You miss something.
* * * LOW HITPOINT WARNING * * *
You feel very sick. Something hits you but does no damage.
Reach: a) +0 trident
Press: ? - help, Dir - move target, f/p - orc priest
Aim: an orc priest, wielding a +0 whip and wearing a +0 scale mail (about 36% to evade your +0 trident)
Something you can't see is in the way.
You barely miss something.
You feel sick. Something hits you but does no damage.
Unknown command.
Reach: a) +0 trident
Press: ? - help, Dir - move target, f/p - orc priest
Aim: an orc priest, wielding a +0 whip and wearing a +0 scale mail (about 36% to evade your +0 trident)
Something you can't see is in the way.
You miss something.
* * * LOW HITPOINT WARNING * * *
You feel sick. Something hits you.
* * * LOW HITPOINT WARNING * * *
Reach: a) +0 trident
Press: ? - help, Dir - move target, f/p - orc priest
Aim: an orc priest, wielding a +0 whip and wearing a +0 scale mail (about 36% to evade your +0 trident)
You reach to attack!
You puncture the orc priest!
The orc priest is severely wounded.
You die...

.....#.#.#
.....#.#.#########
.....#.#.........#
.....#.#########.#
.....#.# #.#
.....#.# #.#
.....#.#########.#
.....#.........#.#
#..............#@#
################)###
.........o.oo...o..#
####################
###### ......


You could see an orc priest.

Vanquished Creatures
  Pargi (D:4)
  2 necrophages (D:5)
  A scorpion (D:2)
  A howler monkey (D:5)
  An orc priest (D:5)
  A hound (D:5)
  An iguana (D:4)
  2 orc wizards
  7 adders
  4 gnolls
  2 worms
  A dart slug (D:1)
  13 orcs
  5 ball pythons
  A bat (D:1)
  6 endoplasms
  A giant cockroach (D:1)
  5 goblins
  7 hobgoblins
  4 quokkas
  2 frilled lizards (D:1)
  6 kobolds
  6 rats
80 creatures vanquished.

Vanquished Creatures (others)
  A fungus (D:3)
  3 plants
4 creatures vanquished.

Grand Total: 84 creatures vanquished

Notes
Turn   | Place    | Note
-------+----------+-------------------------------------------
     0 | D:1      | porpoise the Demonspawn Fighter began the quest for the
                  | Orb.
     0 | D:1      | Reached XP level 1. HP: 18/18 MP: 1/1
   301 | D:1      | Gained mutation: You regenerate a little health from kills.
                  | [demonic ancestry]
   301 | D:1      | Reached XP level 2. HP: 19/24 MP: 2/2
  1114 | D:2      | Reached XP level 3. HP: 11/29 MP: 3/3
  1466 | D:2      | Noticed a scorpion
  1479 | D:2      | Reached XP level 4. HP: 16/37 MP: 4/4
  1480 | D:2      | Killed a scorpion
  1481 | D:2      | Reached skill level 4 in Fighting
  2173 | D:2      | Reached XP level 5. HP: 37/43 MP: 5/5
  3021 | D:3      | Found a broken altar of Ashenzari.
  3025 | D:3      | Saw a vision of the Swamp and the Snake Pit.
  3025 | D:3      | Noticed a naga mage
  3025 | D:3      | Noticed an anaconda
  3025 | D:3      | Noticed a vampire mosquito
  3025 | D:3      | Noticed a vampire mosquito
  3025 | D:3      | Noticed a mana viper
  3027 | D:3      | Noticed a black mamba
  4092 | D:4      | Noticed Pargi
  4127 | D:4      | Killed Pargi
  4128 | D:4      | Reached skill level 5 in Fighting
  4128 | D:4      | Gained mutation: Spells you cast may paralyse adjacent
                  | enemies. [demonic ancestry]
  4128 | D:4      | Reached XP level 6. HP: 4/51 MP: 6/6
  4684 | D:4      | Identified the +6 great sword of Trog's Wrath {vorpal, rF+}
  5136 | D:4      | Found a faded altar of an unknown god.
  5144 | D:4      | Found a burning altar of Makhleb.
  5146 | D:4      | Found a sacrificial altar of Ru.
  5148 | D:4      | Found a faded altar of an unknown god.
  5177 | D:5      | Entered Level 5 of the Dungeon
  5264 | D:5      | Found an opulent altar of Gozag.
  5583 | D:5      | Reached XP level 7. HP: 53/57 MP: 7/7
  5658 | D:5      | HP: 2/57 [poisoned by an orc priest]
  5659 | D:5      | Succumbed to an orc priest's poison

Illustrated notes

Levels and vault maps discovered:
D:1:      elethiomel_arrival_maze, layout_basic, minmay_cut_off
D:2:      layout_basic, amethyst_killhole, kennysheep_boxes
D:3:      layout_basic, grunt_ashenzari_visionary
          [grunt_ashenzari_visionary_swamp, grunt_ashenzari_visionary_snake],
          overflow_temple_1_default, hex_intersection
D:4:      layout_basic, chequers_temple_overflow_minitemple,
          minmay_misc_feat_rows, serial_bayou_crossing, uniq_pargi
D:5:      layout_basic, mainiacjoe_overflow_24_doors, kennysheep_nub,
          chequers_arboretum

Skill      XL: |  1  2  3  4  5  6 |
---------------+-------------------+-----
Polearms       | 2 3 4 |  4.8
Shields        | 3 4 |  4.1
Fighting       | 4 5 |  5.8
Armour         | |  2.6

Action                   |  1- 3 |  4- 6 |  7- 9 || total
-------------------------+-------+-------+-------++-------
Melee: Trident           |   108 |   216 |    22 ||   346
 Fire: Hunting sling     |       |    21 |       ||    21
Throw: Dart              |       |     2 |       ||     2
  Use: Potion            |     3 |     5 |     1 ||     9
       Scroll            |       |     6 |       ||     6
Armor: Scale mail        |    29 |    69 |     9 ||   107
Dodge: Dodged            |    53 |   135 |     8 ||   196
Block: Buckler           |    19 |    47 |     6 ||    72

Table legend: (Time is in decaauts)
 A = Elapsed time spent in this place.
 B = Non-inter-level travel time spent in this place.
 C = Inter-level travel time spent in this place.
 D = Time resting spent in this place.
 E = Time spent auto-exploring this place.
 F = Levels seen in this place.
 G = Mean time per level.
                   A        B        C        D        E       F      G
               +--------+--------+--------+--------+--------+-----+--------+
         Total |   5758 |   5369 |    389 |   1326 |   3134 |   5 | 1151.6 |
       Dungeon |   5758 |   5369 |    389 |   1326 |   3134 |   5 | 1151.6 |
               +--------+--------+--------+--------+--------+-----+--------+

Top non-repeatable levels by time:
     D:3: 1599 daAuts
     D:2: 1416 daAuts
     D:1: 1142 daAuts
     D:4: 1110 daAuts
     D:5: 489 daAuts
